 Seeded DCSS version 0.31-a0-507-gbafd7f5274 (webtiles) character file.

Game seed: 11267003436938285035 (custom seed)

8330 innerfire43 the Grappler (level 11, 0/81 (83) HPs)
             Began as a Gnoll Shapeshifter on Aug 9, 2023.
             Slain by a yak (13 damage)
             ... on level 8 of the Dungeon.
             The game lasted 00:17:50 (9097 turns).

innerfire43 the Grappler (Gnoll Shapeshifter)       Turns: 9097, Time: 00:17:51

HP:   0/81 (83)     AC: 17    Str: 20    XL:     11   Next: 29%
MP:   19/20         EV: 13    Int: 13    God:
Gold: 601           SH:  0    Dex: 12    Spells: 14/22 levels left

rFire   . .          .
                       - Unarmed
rCold   . . .        (shield currently unavailable)
rNeg    . . .        u - +4 ring mail of Context {Int+3}
rPois   .            v - +0 helmet {Int+3}
rElec   .            y - +1 cloak
rCorr   .            (no gloves)
SInv    .            (no boots)
Will    .....        h - amulet of the acrobat
Stlth   +            e - +4 ring of protection
HPRegen 0.33/turn    I - +4 ring of slaying
MPRegen 0.17/turn

%: acrobat
@: flux-form, glowing, lightly drained
A: glow, contaminating, fangs 1, strong nose, distributed training
a: Begin Untransformation


You were on level 8 of the Dungeon.
You were something dangerously unstable.
You visited 1 branch of the dungeon, and saw 8 of its levels.
You also visited: Bailey.

You collected 601 gold pieces.

Inventory:

Hand Weapons
 H - the +3 war axe "Fumotsiv" {speed, Int+3 Stlth+}
   (You took it off a vampire on level 7 of the Dungeon)

   Int+3:     It affects your intelligence (+3).
   Stlth+:    It makes you more stealthy.
Armour
 a - a +0 animal skin
 u - the +4 ring mail of Context (worn) {Int+3}
   (You found it on level 3 of the Dungeon)

   Int+3:     It affects your intelligence (+3).
 v - a +0 helmet of intelligence (worn)
 y - a +1 cloak (worn)
 L - a +0 troll leather armour
Jewellery
 e - a +4 ring of protection (left hand)
 h - an amulet of the acrobat (around neck)
 G - a ring of willpower
 I - a +4 ring of slaying (right hand)
Talismans
 c - a beast talisman
 d - a flux talisman (active)
Wands
 z - a wand of charming (11)
 B - a wand of acid (6)
 D - a wand of digging (1)
 K - a wand of flame (16)
 M - a wand of iceblast (5)
Scrolls
 g - a scroll of torment {unknown}
 i - 3 scrolls of enchant armour
 l - 3 scrolls of enchant weapon {unknown}
 p - a scroll of amnesia {unknown}
 q - a scroll of butterflies {unknown}
 r - 6 scrolls of teleportation
 t - 3 scrolls of blinking {unknown}
 x - 6 scrolls of poison
 F - 2 scrolls of identify
 J - a scroll of noise {unknown}
Potions
 b - 2 potions of lignification
 f - 3 potions of brilliance
 j - a potion of invisibility
 k - 2 potions of curing
 m - 2 potions of heal wounds
 n - a potion of might {unknown}
 o - a potion of enlightenment {unknown}
 s - a potion of attraction {unknown}
 w - 2 potions of degeneration
 A - a potion of magic {unknown}
 C - 2 potions of berserk rage {unknown}
Miscellaneous
 E - a phantom mirror


   Skills:
 + Level 6.8 Fighting
 + Level 6.2 Short Blades
 + Level 6.2 Long Blades
 + Level 6.2 Axes
 + Level 6.2 Maces & Flails
 + Level 6.2 Polearms
 + Level 6.2 Staves
 + Level 6.2 Ranged Weapons
 + Level 6.2 Throwing
 + Level 6.2 Armour
 + Level 7.8 Dodging
 + Level 6.2 Stealth
 + Level 6.2 Shields
 + Level 9.1 Unarmed Combat
 + Level 6.2 Spellcasting
 + Level 5.2 Conjurations
 + Level 5.2 Hexes
 + Level 5.2 Summonings
 + Level 5.2 Necromancy
 + Level 5.2 Translocations
 + Level 5.2 Transmutations
 + Level 5.2 Fire Magic
 + Level 5.2 Ice Magic
 + Level 5.2 Air Magic
 + Level 5.2 Earth Magic
 + Level 5.2 Poison Magic
 + Level 6.9 Invocations
 + Level 6.2 Evocations
 + Level 8.4 Shapeshifting


You had 14 spell levels left.
You knew the following spells:

 Your Spells              Type           Power      Damage    Failure   Level
a - Blink                 Tloc           34%        N/A       4%          2
b - Swiftness             Air            17%        N/A       9%          3
c - Vhi's Electric Charg  Tloc/Air       34%        N/A       9%          3

Your spell library contained the following spells:

 Spells                   Type           Power      Damage    Failure   Level
 Apportation              Tloc           34%        N/A       3%          1
 Magic Dart               Conj           68%        1d6       3%          1
 Necrotise                Necr           68%        1d7       3%          1
 Shock                    Conj/Air       68%        1d7       3%          1
 Summon Small Mammal      Summ           68%        N/A       3%          1
 Ensorcelled Hibernation  Hex/Ice        34%        N/A       4%          2
 Lesser Beckoning         Tloc           34%        N/A       4%          2
 Momentum Strike          Conj/Tloc      34%        3d8       4%          2
 Passwall                 Tmut/Erth      14%        N/A       4%          2
 Searing Ray              Conj           34%        2d5       4%          2
 Airstrike                Air            8%         2d(2-18)  30%         4
 Fulminant Prism          Conj/Hex       8%         3d7       30%         4
 Alistair's Intoxication  Tmut/Pois      11%        N/A       63%         5
 Arcjolt                  Conj/Air       8%         1d18      63%         5
 Borgnjor's Vile Clutch   Necr/Erth      8%         N/A       63%         5
 Eringya's Noxious Bog    Tmut/Pois      8%         4d6       99%         6
 Maxwell's Capacitive Co  Air            8%         ∞         100%        8


Dungeon Overview and Level Annotations

Branches:
Dungeon (8/15)             Temple (0/1) D:4          Bailey (visited)
   Lair: D:8-11

Altars:
Ashenzari
Cheibriados
Hepliaklqana
Kikubaaqudgha
Okawaru
Trog
Jiyva

Shops:
D:7 *[


Innate Abilities, Weirdness & Mutations

You are something dangerously unstable.
You glow with magical radiation, making you easy to see and hit.
Foes you strike become dangerously contaminated with magical radiation.
You are incapable of wielding weapons or throwing items.
You have very sharp teeth.
Your uncanny sense of smell can sniff out nearby items.
Your experience applies equally to all skills.


Message History

Unknown command.
You hit the yak.
The yak glows dangerously bright.
The yak is severely wounded.
The yak gores you but does no damage. The yak closely misses you.
The yak gores you. The yak gores you!
Unknown command.
You punch the yak!
The yak shudders as magic cascades through it!!
You kill the yak!
Unknown command.
You hit the yak.
The yak begins to glow.
The yak is lightly wounded.
The yak gores you.
The yak gores you but does no damage. x2
You hit the yak.
The yak glows dangerously bright.
The yak is lightly wounded.
The yak gores you. The yak barely misses you.
The yak gores you but does no damage.
You punch the yak!
The yak shudders as magic cascades through it!!
The yak twists and deforms.
The yak is almost dead.
The yak gores you. The yak completely misses you. The yak misses you.
You hit the yak.
You kill the yak!
The yak closely misses you. The yak completely misses you.
Unknown command.
You punch the yak!
The yak begins to glow.
The yak is moderately wounded.
You completely miss the yak.
The yak is moderately wounded.
The yak gores you!
* * * LOW HITPOINT WARNING * * *
The yak gores you.
* * * LOW HITPOINT WARNING * * *
You hit the yak.
The yak glows dangerously bright.
The yak is moderately wounded.
The yak gores you.
* * * LOW HITPOINT WARNING * * *
The yak gores you!
You die...

#........#...#........#
#........#...#........#
#........#...#........#
#........#...#........#
#........'...#........#
#........#...#........######
..################'#........
..# #.....#........ ..#
#.YB..#........ ..#
#...Y.#........ ..#
#.....#........ ..#
#.....#........ ..#
#.....#........ ..#
#######........ ###


You could see 2 yaks.

Vanquished Creatures
  A two-headed ogre (D:7)
  An orc knight (Bailey)
  Jeremiah (D:8)
  A deep elf zephyrmancer (Bailey)
  A troll (D:7)
  A hornet (D:7)
  Prince Ribbit (D:6)
  Grinder (D:5)
  A shadow (D:7)
  A vampire (D:7)
  2 yaks (D:8)
  2 wyverns
  A vampire mosquito (D:7)
  A steam dragon (D:6)
  An acid dragon (D:7)
  5 water moccasins
  10 orc warriors
  2 sky beasts
  2 black bears
  3 centaurs
  2 bullfrogs
  4 scorpions
  13 wights
  9 killer bees (D:7)
  2 howler monkeys (D:7)
  An orc priest (D:3)
  8 hounds
  A gnoll bouda (D:6)
  7 jellies
  4 iguanas
  4 sleepcaps
  8 orc wizards
  7 gnolls
  4 adders
  2 shadow imps (D:7)
  3 white imps
  2 worms
  3 dart slugs
  36 orcs
  6 ball pythons
  3 bats
  7 endoplasms
  3 giant cockroaches
  6 goblins
  7 hobgoblins
  2 jackals (D:1)
  5 kobolds
  2 quokkas
  5 frilled lizards
  5 rats
210 creatures vanquished.

Vanquished Creatures (others)
  A gnoll bouda (D:6)
  2 gnolls (D:6)
3 creatures vanquished.

Grand Total: 213 creatures vanquished

Notes
Turn   | Place    | Note
-------+----------+-------------------------------------------
     0 | D:1      | innerfire43 the Gnoll Shapeshifter began the quest for the
                  | Orb.
     0 | D:1      | Reached XP level 1. HP: 17/17 MP: 1/1
    38 | D:1      | Reached XP level 2. HP: 20/23 MP: 2/2
   494 | D:1      | Reached XP level 3. HP: 25/28 MP: 3/3
   683 | D:2      | You fall into a shaft and drop 1 floor!
   783 | D:3      | Reached skill level 1 in Short Blades
   783 | D:3      | Reached skill level 1 in Long Blades
   783 | D:3      | Reached skill level 1 in Axes
   783 | D:3      | Reached skill level 1 in Maces & Flails
   783 | D:3      | Reached skill level 1 in Polearms
   783 | D:3      | Reached skill level 1 in Staves
   783 | D:3      | Reached skill level 1 in Ranged Weapons
   783 | D:3      | Reached skill level 1 in Throwing
   783 | D:3      | Reached skill level 1 in Armour
   783 | D:3      | Reached skill level 1 in Stealth
   783 | D:3      | Reached skill level 1 in Shields
   783 | D:3      | Reached skill level 1 in Spellcasting
   783 | D:3      | Reached skill level 1 in Invocations
   783 | D:3      | Reached skill level 1 in Evocations
   783 | D:3      | Reached XP level 4. HP: 34/34 MP: 5/5
   919 | D:3      | Reached skill level 1 in Conjurations
   919 | D:3      | Reached skill level 1 in Hexes
   919 | D:3      | Reached skill level 1 in Summonings
   919 | D:3      | Reached skill level 1 in Necromancy
   919 | D:3      | Reached skill level 1 in Translocations
   919 | D:3      | Reached skill level 1 in Transmutations
   919 | D:3      | Reached skill level 1 in Fire Magic
   919 | D:3      | Reached skill level 1 in Ice Magic
   919 | D:3      | Reached skill level 1 in Air Magic
   919 | D:3      | Reached skill level 1 in Earth Magic
   919 | D:3      | Reached skill level 1 in Poison Magic
  1055 | D:3      | Reached XP level 5. HP: 22/40 MP: 5/7
  2157 | D:3      | Identified the +4 ring mail of Context {Int+3}
  2598 | D:4      | Found a bloodstained altar of Trog.
  2607 | D:4      | Reached XP level 6. HP: 39/47 MP: 8/8
  2652 | D:4      | Found a staircase to the Ecumenical Temple.
  2717 | D:4      | Found a hazy altar of Hepliaklqana.
  2730 | D:4      | Reached skill level 5 in Dodging
  3138 | D:5      | Entered Level 5 of the Dungeon
  3185 | D:5      | Noticed Grinder
  3206 | D:5      | Reached XP level 7. HP: 29/52 MP: 10/10
  3213 | D:5      | Reached skill level 7 in Unarmed Combat
  3218 | D:5      | Killed Grinder
  3341 | D:5      | Found an ancient bone altar of Kikubaaqudgha.
  3906 | D:5      | Reached XP level 8. HP: 60/60 MP: 12/12
  4239 | D:6      | Noticed Prince Ribbit
  4256 | D:6      | Killed Prince Ribbit
  4602 | D:6      | Reached XP level 9. HP: 66/66 MP: 14/14
  5170 | D:7      | Reached skill level 5 in Fighting
  5428 | D:7      | Reached skill level 8 in Unarmed Combat
  5582 | D:7      | Noticed a hornet
  5592 | D:7      | Killed a hornet
  5593 | D:7      | Reached skill level 5 in Invocations
  5720 | D:7      | Noticed a two-headed ogre
  5752 | D:7      | Killed a two-headed ogre
  5753 | D:7      | Reached skill level 5 in Short Blades
  5753 | D:7      | Reached skill level 5 in Long Blades
  5753 | D:7      | Reached skill level 5 in Axes
  5753 | D:7      | Reached skill level 5 in Maces & Flails
  5753 | D:7      | Reached skill level 5 in Polearms
  5753 | D:7      | Reached skill level 5 in Staves
  5753 | D:7      | Reached skill level 5 in Ranged Weapons
  5753 | D:7      | Reached skill level 5 in Throwing
  5753 | D:7      | Reached skill level 5 in Armour
  5753 | D:7      | Reached skill level 5 in Stealth
  5753 | D:7      | Reached skill level 5 in Shields
  5753 | D:7      | Reached skill level 5 in Spellcasting
  5753 | D:7      | Reached skill level 5 in Evocations
  5753 | D:7      | Reached XP level 10. HP: 55/76 MP: 17/17
  5873 | D:7      | Identified the staff of Wyrd {rElec rCorr Dex-4 Earth}
  5874 | D:7      | Identified the staff "Jeivecei" {rC+ rCorr Ice}
  6003 | D:7      | Identified the +3 war axe "Fumotsiv" {speed, Int+3 Stlth+}
  6007 | D:7      | Found a broken altar of Ashenzari.
  6391 | D:7      | Found Gawain's Dragon-Slaying Spoils.
  6504 | D:7      | Found a snail-covered altar of Cheibriados.
  6586 | D:7      | Found Nioniuxof's Assorted Antiques.
  7491 | D:7      | Learned a level 2 spell: Blink
  7495 | D:7      | Learned a level 3 spell: Swiftness
  7558 | D:8      | Noticed Jeremiah
  7562 | D:8      | Killed Jeremiah
  7631 | D:8      | Found a flagged portal.
  7647 | Bailey   | Entered a bailey
  7713 | Bailey   | Noticed an orc knight
  7719 | Bailey   | Found a large runed translucent door.
  7719 | Bailey   | Found a large runed translucent door.
  7720 | Bailey   | Noticed a deep elf zephyrmancer
  7759 | Bailey   | Killed an orc knight
  7765 | Bailey   | Reached XP level 11. HP: 18/83 MP: 19/19
  7978 | Bailey   | Reached skill level 9 in Unarmed Combat
  7991 | Bailey   | Reached skill level 5 in Conjurations
  7991 | Bailey   | Reached skill level 5 in Hexes
  7991 | Bailey   | Reached skill level 5 in Summonings
  7991 | Bailey   | Reached skill level 5 in Necromancy
  7991 | Bailey   | Reached skill level 5 in Translocations
  7991 | Bailey   | Reached skill level 5 in Transmutations
  7991 | Bailey   | Reached skill level 5 in Fire Magic
  7991 | Bailey   | Reached skill level 5 in Ice Magic
  7991 | Bailey   | Reached skill level 5 in Air Magic
  7991 | Bailey   | Reached skill level 5 in Earth Magic
  7991 | Bailey   | Reached skill level 5 in Poison Magic
  8220 | Bailey   | Learned a level 3 spell: Vhi's Electric Charge
  8234 | Bailey   | Killed a deep elf zephyrmancer
  8238 | Bailey   | Identified the staff "Suh Inuw" {rN+ Dex+2 Necro Tmut}
  8239 | Bailey   | Identified the +0 plate armour "Plog" {rN+ rCorr Str+3}
  8455 | D:8      | Found a viscous altar of Jiyva.
  8551 | D:8      | Found an iron altar of Okawaru.
  9097 | D:8      | Slain by a yak

Illustrated notes

Levels and vault maps discovered:
D:1:      reono_arrival_mine, layout_rooms, serial_bayou_lagoon_b
D:2:      layout_basic
D:3:      layout_loops_ring
D:4:      layout_cave_pools, mainiacjoe_overflow_cross_hatched,
          trog_butcher_becter, minmay_temple_entry_overgrown, serial_glass,
          glass_columns_c, glass_columns_b
D:5:      layout_loops_corners, kiku_gazebo_pond_becter,
          kennysheep_decorative_pillar, uniq_grinder
D:6:      minmay_bubble_buster, layout_basic, uniq_prince_ribbit1
D:7:      minmay_the_grid_square_5x5_3x3
          [minmay_the_grid_square_5x5_three_small,
          minmay_the_grid_square_5x5_detours,
          minmay_the_grid_square_5x5_two_small,
          minmay_the_grid_square_5x5_shuriken,
          minmay_the_grid_square_5x5_megaprize_open,
          minmay_the_grid_square_5x5_n_small,
          minmay_the_grid_square_5x5_bracketed,
          minmay_the_grid_square_5x5_checkered_statues,
          minmay_the_grid_square_5x5_almost_minimal], layout_cave_pods,
          mainiacjoe_overflow_small_starburst, ashenzari_conservatory_becter,
          serial_shops, shop, nicolae_shop_dragon_depot, grunt_ministairs_8
D:8:      layout_gridville, lemuel_round_altar, enter_bailey_5, jiyva_altar_1,
          uniq_jeremiah

Skill      XL: |  1  2  3  4  5  6  7  8  9 10 11 |
---------------+----------------------------------+-----
Short Blades   | 1 2 3 5 6 |  6.2
Long Blades    | 1 2 3 5 6 |  6.2
Axes           | 1 2 3 5 6 |  6.2
Maces & Flails | 1 2 3 5 6 |  6.2
Polearms       | 1 2 3 5 6 |  6.2
Staves         | 1 2 3 5 6 |  6.2
Ranged Weapons | 1 2 3 5 6 |  6.2
Throwing       | 1 2 3 5 6 |  6.2
Armour         | 1 2 3 5 6 |  6.2
Stealth        | 1 2 3 5 6 |  6.2
Shields        | 1 2 3 5 6 |  6.2
Spellcasting   | 1 2 3 5 6 |  6.2
Invocations    | 1 2 3 4 5 6 |  6.9
Evocations     | 1 2 3 5 6 |  6.2
Conjurations   | 1 2 3 4 5 |  5.2
Hexes          | 1 2 3 4 5 |  5.2
Summonings     | 1 2 3 4 5 |  5.2
Necromancy     | 1 2 3 4 5 |  5.2
Translocations | 1 2 3 4 5 |  5.2
Transmutations | 1 2 3 4 5 |  5.2
Fire Magic     | 1 2 3 4 5 |  5.2
Ice Magic      | 1 2 3 4 5 |  5.2
Air Magic      | 1 2 3 4 5 |  5.2
Earth Magic    | 1 2 3 4 5 |  5.2
Poison Magic   | 1 2 3 4 5 |  5.2
Fighting       | 3 4 5 6 |  6.8
Dodging        | 5 6 7 |  7.8
Unarmed Combat | 7 8 9 |  9.1
Shapeshifting  | 7 8 |  8.4

Action                     |  1- 3 |  4- 6 |  7- 9 | 10-12 || total
---------------------------+-------+-------+-------+-------++-------
  Melee: Unarmed           |    49 |   164 |   223 |   328 ||   764
         Bite              |     4 |    23 |    32 |    34 ||    93
   Cast: Blink             |       |       |       |     1 ||     1
         Vhi's Electric Ch |       |       |       |     2 ||     2
  Evoke: Wand              |       |       |     1 |     4 ||     5
    Use: Scroll            |       |       |     9 |     1 ||    10
         Potion            |       |       |       |     3 ||     3
 Armour: Animal skin       |     1 |     8 |       |       ||     9
         Ring mail         |       |    24 |    96 |   177 ||   297
  Dodge: Dodged            |    31 |    95 |   150 |   268 ||   544
   Form: Flux              |       |     1 |       |       ||     1

Table legend: (Time is in decaauts)
 A = Elapsed time spent in this place.
 B = Non-inter-level travel time spent in this place.
 C = Inter-level travel time spent in this place.
 D = Time resting spent in this place.
 E = Time spent auto-exploring this place.
 F = Levels seen in this place.
 G = Mean time per level.
                   A        B        C        D        E       F      G
               +--------+--------+--------+--------+--------+-----+--------+
         Total |   8995 |   8289 |    706 |      0 |   6424 |   9 |  999.4 |
       Dungeon |   8283 |   7577 |    706 |      0 |   5917 |   8 | 1035.4 |
        Bailey |    711 |    711 |      0 |      0 |    507 |   1 |  711.0 |
               +--------+--------+--------+--------+--------+-----+--------+

Top non-repeatable levels by time:
     D:7: 2159 daAuts
     D:3: 1297 daAuts
     D:6: 1184 daAuts
     D:5: 878 daAuts
     D:8: 801 daAuts
     D:2: 753 daAuts
  Bailey: 711 daAuts
     D:1: 640 daAuts
     D:4: 567 daAuts
